2918 views
Uploaded 2019-12-01 20:55:50
Game version 1.32.0.3 / 1.32.0.3.1
28:34 long 3on3 ladder game on (6)Monsoon_LV
Saved by BEARAND
2918 views
Uploaded 2019-12-01 20:55:50
Game version 1.32.0.3 / 1.32.0.3.1
28:34 long 3on3 ladder game on (6)Monsoon_LV


160 units @ 21.5k
/ 2.5k
83 buildings @ 10.8k
/ 5k


| Potion of Healing | 1 | 150 |
| Potion of Mana | 1 | 200 |
| Scroll of Town Portal | 1 | 350 |
| Circlet of Nobility | 1 | 175 |
| Periapt of Vitality | 1 | 325 |
| Boots of Speed | 1 | 250 |
| total: | 6 | 1450g |
| Peasant | 12 | 900 | / | 0 |
| Footman | 1 | 135 | / | 0 |
| Rifleman | 6 | 1230 | / | 180 |
| Priest | 4 | 540 | / | 40 |
| Knight | 11 | 2695 | / | 660 |
| Gryphon Rider | 3 | 840 | / | 210 |
| Ogre Magi | 1 | 320 | / | 50 |
| Huntress | 5 | 975 | / | 100 |
| Wisp | 3 | 180 | / | 0 |
| total: | 46 | 7815g | / | 1240w |
| Scout Tower | 13 | 390 | / | 260 |
| Guard Tower | 7 | 490 | / | 350 |
| Altar of Kings | 1 | 180 | / | 50 |
| Lumber Mill | 1 | 120 | / | 0 |
| Blacksmith | 1 | 140 | / | 60 |
| Farm | 15 | 1200 | / | 300 |
| Barracks | 1 | 160 | / | 60 |
| Arcane Vault | 1 | 130 | / | 30 |
| Town Hall | 1 | 385 | / | 205 |
| Cannon Tower | 4 | 480 | / | 400 |
| Arcane Sanctum | 1 | 150 | / | 140 |
| Workshop | 1 | 140 | / | 140 |
| Gryphon Aviary | 1 | 140 | / | 150 |
| Keep | 1 | 320 | / | 210 |
| Castle | 1 | 360 | / | 210 |
| Ancient Protector | 4 | 540 | / | 320 |
| total: | 41 | 3675g | / | 1715w |
| 0:07 | Peasant |
| 0:07 | Peasant |
| 0:07 | Peasant |
| 0:23 | Altar of Kings |
| 0:45 | Lumber Mill |
| 0:50 | Peasant |
| 0:50 | Peasant |
| 0:57 | Blacksmith |
| 1:28 | Farm |
| 1:32 | Peasant |
| 1:35 | Peasant |
| 2:04 | Barracks |
| 2:13 | Farm |
| 2:14 | Farm |
| 2:34 | Black Gunpowder |
| 2:46 | Iron Forged Swords |
| 3:07 | Footman |
| 3:08 | Rifleman |
| 3:12 | Rifleman |
| 3:20 | Arcane Vault |
| 3:26 | Summon Water Elemental |
| 3:29 | Farm |
| 3:31 | Farm |
| 3:33 | Farm |
| 4:23 | Rifleman |
| 5:30 | Brilliance Aura |
| 5:36 | Rifleman |
| 5:40 | Studded Leather Armor |
| 5:43 | Keep |
| 6:36 | Scout Tower |
| 6:37 | Scout Tower |
| 6:39 | Scout Tower |
| 6:45 | Rifleman |
| 6:45 | Rifleman |
| 7:09 | Guard Tower |
| 7:45 | Scout Tower |
| 7:50 | Scout Tower |
| 8:03 | Guard Tower |
| 8:05 | Guard Tower |
| 8:14 | Long Rifles |
| 9:04 | Scout Tower |
| 9:06 | Scout Tower |
| 9:08 | Scout Tower |
| 9:09 | Scout Tower |
| 9:16 | Peasant |
| 9:35 | Potion of Healing |
| 9:36 | Potion of Mana |
| 9:42 | Arcane Sanctum |
| 9:45 | Peasant |
| 9:50 | Guard Tower |
| 10:09 | Workshop |
| 10:13 | Peasant |
| 10:21 | Guard Tower |
| 10:48 | Summon Water Elemental |
| 11:53 | Gryphon Aviary |
| 11:55 | Priest Adept Training |
| 12:02 | Castle |
| 12:18 | Guard Tower |
| 12:25 | Farm |
| 12:25 | Farm |
| 12:27 | Farm |
| 12:44 | Ogre Magi |
| 13:06 | Improved Lumber Harvesting |
| 13:52 | Town Hall |
| 13:58 | Guard Tower |
| 14:02 | Priest |
| 14:02 | Priest |
| 14:25 | Farm |
| 14:26 | Farm |
| 14:29 | Farm |
| 15:26 | Peasant |
| 15:26 | Peasant |
| 15:34 | Animal War Training |
| 15:35 | Sundering Blades |
| 15:37 | Knight |
| 15:44 | Devotion Aura |
| 16:17 | Scout Tower |
| 16:19 | Scout Tower |
| 16:22 | Scout Tower |
| 16:27 | Scout Tower |
| 16:36 | Farm |
| 16:41 | Farm |
| 16:42 | Farm |
| 18:14 | Circlet of Nobility |
| 18:21 | Periapt of Vitality |
| 18:22 | Boots of Speed |
| 18:33 | Priest Master Training |
| 18:35 | Storm Hammers |
| 18:38 | Knight |
| 18:38 | Knight |
| 19:23 | Iron Plating |
| 19:24 | Steel Forged Swords |
| 19:25 | Reinforced Leather Armor |
| 19:30 | Priest |
| 19:30 | Priest |
| 19:54 | Knight |
| 19:58 | Cannon Tower |
| 21:33 | Cannon Tower |
| 21:36 | Cannon Tower |
| 21:38 | Cannon Tower |
| 21:46 | Gryphon Rider |
| 22:10 | Knight |
| 22:24 | Steel Plating |
| 22:41 | Huntress |
| 22:43 | Huntress |
| 22:46 | Reinforced Hides |
| 23:01 | Ancient Protector |
| 23:06 | Wisp |
| 23:06 | Wisp |
| 23:06 | Wisp |
| 23:19 | Knight |
| 23:23 | Gryphon Rider |
| 23:40 | Ancient Protector |
| 23:50 | Ancient Protector |
| 23:58 | Ancient Protector |
| 24:13 | Huntress |
| 25:29 | Gryphon Rider |
| 25:31 | Knight |
| 25:42 | Scroll of Town Portal |
| 27:16 | Brilliance Aura |
| 27:23 | Knight |
| 27:23 | Knight |
| 27:24 | Knight |
| 28:07 | Huntress |
| 28:08 | Huntress |
| 28:33 | Knight |
| Right click | 380 |
| Select | 308 |
| Build/train/purchase | 104 |
| Select group | 57 |
| Misc. action | 34 |
| Assign group | 8 |
| Use ability | 6 |
| Item give/drop | 1 |
| Remove unit | 1 |
| Esc | 1 |


| Wisp | 32 | 1920 | / | 0 |
| Archer | 32 | 4160 | / | 320 |
| Glaive Thrower | 3 | 630 | / | 195 |
| Chimaera | 4 | 1320 | / | 280 |
| total: | 71 | 8030g | / | 795w |
| Ancient Protector | 10 | 1350 | / | 800 |
| Altar of Elders | 1 | 180 | / | 50 |
| Moon Well | 6 | 1080 | / | 240 |
| Ancient of War | 2 | 300 | / | 120 |
| Hunter's Hall | 1 | 210 | / | 100 |
| Tree of Life | 1 | 340 | / | 185 |
| Ancient of Lore | 1 | 155 | / | 145 |
| Ancient of Wind | 1 | 150 | / | 140 |
| Chimaera Roost | 2 | 280 | / | 380 |
| Tree of Ages | 1 | 320 | / | 180 |
| Tree of Eternity | 1 | 330 | / | 200 |
| total: | 25 | 4045g | / | 2160w |
| 0:04 | Wisp |
| 0:04 | Wisp |
| 0:04 | Wisp |
| 0:20 | Altar of Elders |
| 0:27 | Wisp |
| 0:37 | Moon Well |
| 0:57 | Wisp |
| 1:16 | Ancient of War |
| 2:00 | Moon Well |
| 2:21 | Archer |
| 2:21 | Archer |
| 2:45 | Evasion |
| 2:55 | Archer |
| 2:55 | Archer |
| 3:05 | Hunter's Hall |
| 3:15 | Archer |
| 3:15 | Archer |
| 3:32 | Wisp |
| 3:56 | Archer |
| 3:57 | Archer |
| 4:49 | Moon Well |
| 4:59 | Tree of Ages |
| 5:06 | Immolation |
| 6:15 | Tree of Life |
| 6:19 | Archer |
| 6:19 | Archer |
| 6:19 | Archer |
| 6:20 | Archer |
| 6:25 | Strength of the Moon |
| 6:59 | Mana Burn |
| 7:54 | Moon Well |
| 7:57 | Improved Strength of the Moon |
| 8:05 | Wisp |
| 8:05 | Wisp |
| 8:05 | Wisp |
| 8:59 | Moon Well |
| 9:06 | Wisp |
| 9:06 | Wisp |
| 9:06 | Wisp |
| 9:06 | Wisp |
| 9:06 | Wisp |
| 9:46 | Evasion |
| 10:04 | Ancient Protector |
| 10:08 | Ancient Protector |
| 10:11 | Ancient Protector |
| 10:15 | Wisp |
| 10:15 | Wisp |
| 10:15 | Wisp |
| 10:15 | Wisp |
| 10:16 | Wisp |
| 10:26 | Trueshot Aura |
| 10:35 | Improved Bows |
| 10:47 | Wisp |
| 10:47 | Wisp |
| 10:48 | Wisp |
| 11:03 | Archer |
| 11:03 | Archer |
| 11:03 | Archer |
| 11:03 | Archer |
| 11:14 | Ancient Protector |
| 11:20 | Wisp |
| 11:20 | Wisp |
| 11:20 | Wisp |
| 11:20 | Wisp |
| 11:30 | Moon Armor |
| 11:36 | Ultravision |
| 11:38 | Wisp |
| 11:38 | Wisp |
| 11:39 | Wisp |
| 11:48 | Ancient Protector |
| 12:37 | Ancient Protector |
| 12:40 | Ancient Protector |
| 12:43 | Ancient Protector |
| 12:46 | Ancient Protector |
| 12:50 | Ancient Protector |
| 12:51 | Wisp |
| 12:51 | Wisp |
| 12:51 | Wisp |
| 13:06 | Tree of Eternity |
| 13:12 | Improved Moon Armor |
| 13:39 | Glaive Thrower |
| 13:39 | Glaive Thrower |
| 13:40 | Glaive Thrower |
| 16:20 | Advanced Strength of the Moon |
| 16:20 | Advanced Moon Armor |
| 16:23 | Well Spring |
| 16:26 | Vorpal Blades |
| 16:32 | Marksmanship |
| 16:33 | Archer |
| 16:33 | Archer |
| 16:33 | Archer |
| 16:33 | Archer |
| 17:01 | Moon Well |
| 17:12 | Ancient of War |
| 17:15 | Nature's Blessing |
| 18:09 | Ancient of Lore |
| 18:18 | Ancient of Wind |
| 18:26 | Chimaera Roost |
| 18:35 | Chimaera Roost |
| 18:39 | Archer |
| 18:39 | Archer |
| 18:39 | Archer |
| 18:39 | Archer |
| 19:29 | Abolish Magic |
| 21:51 | Corrosive Breath |
| 21:52 | Chimaera |
| 21:53 | Chimaera |
| 21:53 | Chimaera |
| 21:53 | Chimaera |
| 22:21 | Searing Arrows |
| 23:06 | Strength of the Wild |
| 23:06 | Reinforced Hides |
| 24:58 | Archer |
| 24:58 | Archer |
| 24:58 | Archer |
| 24:58 | Archer |
| 24:59 | Archer |
| 24:59 | Archer |
| 24:59 | Archer |
| 24:59 | Archer |
| Right click | 867 |
| Select | 257 |
| Build/train/purchase | 130 |
| Misc. action | 34 |
| Select group | 33 |
| Assign group | 23 |
| Use ability | 18 |
| Minimap ping | 17 |
| Remove unit | 1 |
| Esc | 1 |



| Wisp | 19 | 1140 | / | 0 |
| Huntress | 21 | 4095 | / | 420 |
| Hippogryph | 2 | 320 | / | 40 |
| Druid of the Talon | 1 | 145 | / | 20 |
| total: | 43 | 5700g | / | 480w |
| Ancient Protector | 2 | 270 | / | 160 |
| Altar of Elders | 1 | 180 | / | 50 |
| Moon Well | 9 | 1620 | / | 360 |
| Hunter's Hall | 1 | 210 | / | 100 |
| Ancient of War | 2 | 300 | / | 120 |
| Tree of Life | 1 | 340 | / | 185 |
| Ancient of Wind | 1 | 150 | / | 140 |
| Tree of Ages | 1 | 320 | / | 180 |
| Tree of Eternity | 1 | 330 | / | 200 |
| total: | 17 | 3070g | / | 1115w |
| 0:03 | Wisp |
| 0:03 | Wisp |
| 0:16 | Altar of Elders |
| 0:27 | Moon Well |
| 0:34 | Wisp |
| 0:47 | Wisp |
| 1:00 | Wisp |
| 1:37 | Hunter's Hall |
| 1:38 | Wisp |
| 1:53 | Moon Well |
| 2:05 | Wisp |
| 2:33 | Evasion |
| 2:39 | Ancient of War |
| 2:42 | Wisp |
| 2:53 | Wisp |
| 3:12 | Wisp |
| 3:42 | Huntress |
| 3:58 | Strength of the Moon |
| 4:14 | Huntress |
| 4:16 | Huntress |
| 4:20 | Tree of Ages |
| 4:58 | Huntress |
| 5:13 | Moon Armor |
| 5:19 | Moon Well |
| 5:37 | Immolation |
| 5:44 | Huntress |
| 6:21 | Huntress |
| 6:32 | Evasion |
| 6:36 | Tree of Life |
| 6:46 | Wisp |
| 6:49 | Moon Well |
| 6:57 | Ancient of Wind |
| 7:00 | Wisp |
| 7:02 | Improved Strength of the Moon |
| 7:13 | Moon Glaive |
| 8:04 | Hippogryph |
| 8:05 | Huntress |
| 8:06 | Sentinel |
| 8:33 | Black Arrow |
| 8:56 | Hippogryph |
| 8:57 | Improved Moon Armor |
| 9:49 | Huntress |
| 9:53 | Wisp |
| 9:53 | Wisp |
| 9:53 | Wisp |
| 9:55 | Wisp |
| 9:55 | Wisp |
| 10:20 | Huntress |
| 10:30 | Ancient of War |
| 10:49 | Wisp |
| 10:49 | Wisp |
| 10:57 | Ancient Protector |
| 10:59 | Ancient Protector |
| 11:05 | Huntress |
| 11:12 | Tree of Eternity |
| 11:15 | Ultravision |
| 11:31 | Huntress |
| 11:34 | Huntress |
| 11:51 | Druid of the Talon Adept Training |
| 12:01 | Huntress |
| 12:02 | Huntress |
| 12:47 | Huntress |
| 12:54 | Mana Burn |
| 13:04 | Moon Well |
| 13:05 | Moon Well |
| 13:48 | Advanced Strength of the Moon |
| 15:04 | Trueshot Aura |
| 15:45 | Huntress |
| 15:46 | Huntress |
| 15:54 | Druid of the Talon Master Training |
| 15:55 | Advanced Moon Armor |
| 16:25 | Moon Well |
| 16:26 | Moon Well |
| 16:40 | Silence |
| 17:17 | Moon Well |
| 18:16 | Huntress |
| 18:16 | Druid of the Talon |
| 18:17 | Huntress |
| 18:57 | Huntress |
| 18:58 | Huntress |
| Right click | 823 |
| Select | 338 |
| Build/train/purchase | 74 |
| Misc. action | 59 |
| Select group | 34 |
| Use ability | 17 |
| Assign group | 12 |
| Remove unit | 2 |
| Item give/drop | 1 |
66 units @ 4.9k
/ 0.2k
208 buildings @ 13.6k
/ 6.9k



x1)
| Staff of Sanctuary | 3 | 750 |
| Orb of Fire | 1 | 325 |
| Boots of Speed | 3 | 750 |
| Staff of Teleportation | 3 | 450 |
| Tome of Retraining | 1 | 300 |
| Orb of Venom | 2 | 650 |
| total: | 13 | 3225g |
| Peasant | 14 | 1050 | / | 0 |
| Priest | 1 | 135 | / | 10 |
| Mortar Team | 2 | 360 | / | 140 |
| total: | 17 | 1545g | / | 150w |
| Scout Tower | 82 | 2460 | / | 1640 |
| Guard Tower | 34 | 2380 | / | 1700 |
| Arcane Tower | 8 | 560 | / | 400 |
| Altar of Kings | 1 | 180 | / | 50 |
| Farm | 6 | 480 | / | 120 |
| Lumber Mill | 1 | 120 | / | 0 |
| Town Hall | 1 | 385 | / | 205 |
| Arcane Vault | 3 | 390 | / | 90 |
| Blacksmith | 1 | 140 | / | 60 |
| Arcane Sanctum | 1 | 150 | / | 140 |
| Workshop | 4 | 560 | / | 560 |
| Keep | 2 | 640 | / | 420 |
| Castle | 1 | 360 | / | 210 |
| total: | 100 | 4865g | / | 2865w |
| 0:02 | Peasant |
| 0:02 | Peasant |
| 0:07 | Altar of Kings |
| 0:12 | Peasant |
| 0:20 | Farm |
| 0:23 | Peasant |
| 0:33 | Lumber Mill |
| 0:41 | Farm |
| 0:43 | Peasant |
| 0:48 | Peasant |
| 1:04 | Peasant |
| 1:30 | Scout Tower |
| 1:34 | Scout Tower |
| 1:38 | Scout Tower |
| 1:40 | Improved Masonry |
| 1:41 | Peasant |
| 1:43 | Peasant |
| 1:51 | Scout Tower |
| 2:06 | Guard Tower |
| 2:10 | Summon Water Elemental |
| 2:19 | Peasant |
| 2:20 | Peasant |
| 2:20 | Peasant |
| 2:21 | Guard Tower |
| 2:23 | Scout Tower |
| 2:24 | Scout Tower |
| 2:35 | Arcane Tower |
| 2:37 | Guard Tower |
| 2:45 | Scout Tower |
| 2:45 | Scout Tower |
| 2:49 | Guard Tower |
| 2:52 | Scout Tower |
| 2:53 | Scout Tower |
| 3:06 | Peasant |
| 3:07 | Peasant |
| 3:13 | Scout Tower |
| 3:16 | Guard Tower |
| 3:19 | Guard Tower |
| 3:21 | Scout Tower |
| 3:22 | Scout Tower |
| 3:23 | Guard Tower |
| 3:31 | Guard Tower |
| 3:52 | Guard Tower |
| 3:53 | Scout Tower |
| 3:55 | Scout Tower |
| 3:56 | Scout Tower |
| 3:56 | Scout Tower |
| 3:57 | Scout Tower |
| 3:58 | Arcane Tower |
| 4:01 | Scout Tower |
| 4:02 | Scout Tower |
| 4:04 | Guard Tower |
| 4:17 | Keep |
| 4:20 | Scout Tower |
| 4:20 | Scout Tower |
| 4:21 | Scout Tower |
| 4:22 | Scout Tower |
| 4:22 | Scout Tower |
| 4:26 | Brilliance Aura |
| 4:34 | Guard Tower |
| 4:38 | Farm |
| 4:39 | Farm |
| 4:43 | Guard Tower |
| 4:44 | Guard Tower |
| 4:49 | Boots of Speed |
| 4:49 | Staff of Teleportation |
| 4:54 | Guard Tower |
| 4:54 | Guard Tower |
| 4:56 | Scout Tower |
| 4:58 | Scout Tower |
| 4:58 | Scout Tower |
| 4:59 | Scout Tower |
| 5:30 | Guard Tower |
| 6:13 | Scout Tower |
| 6:13 | Scout Tower |
| 6:14 | Scout Tower |
| 6:14 | Scout Tower |
| 6:18 | Guard Tower |
| 6:23 | Scout Tower |
| 6:25 | Scout Tower |
| 6:25 | Scout Tower |
| 6:26 | Scout Tower |
| 6:26 | Scout Tower |
| 6:27 | Scout Tower |
| 6:27 | Scout Tower |
| 6:28 | Scout Tower |
| 6:29 | Guard Tower |
| 7:09 | Scout Tower |
| 7:09 | Scout Tower |
| 7:11 | Scout Tower |
| 7:12 | Scout Tower |
| 7:12 | Scout Tower |
| 7:13 | Scout Tower |
| 7:27 | Guard Tower |
| 8:02 | Castle |
| 8:05 | Summon Water Elemental |
| 8:14 | Town Hall |
| 8:16 | Storm Bolt |
| 8:29 | Arcane Tower |
| 8:52 | Guard Tower |
| 9:12 | Arcane Sanctum |
| 9:57 | Bash |
| 10:14 | Guard Tower |
| 10:18 | Scout Tower |
| 10:19 | Scout Tower |
| 10:20 | Guard Tower |
| 10:24 | Scout Tower |
| 10:25 | Scout Tower |
| 10:25 | Scout Tower |
| 10:32 | Scout Tower |
| 10:33 | Scout Tower |
| 10:33 | Scout Tower |
| 10:34 | Scout Tower |
| 10:35 | Scout Tower |
| 10:39 | Scout Tower |
| 10:40 | Scout Tower |
| 11:03 | Guard Tower |
| 11:06 | Arcane Vault |
| 11:07 | Arcane Vault |
| 11:20 | Priest |
| 11:20 | Magic Sentry |
| 11:22 | Arcane Tower |
| 11:23 | Arcane Tower |
| 11:24 | Arcane Tower |
| 11:24 | Guard Tower |
| 11:43 | Boots of Speed |
| 12:00 | Guard Tower |
| 12:01 | Arcane Tower |
| 12:03 | Guard Tower |
| 12:03 | Holy Light |
| 12:26 | Tome of Retraining |
| 12:26 | Retrain Hero |
| 12:27 | Blizzard |
| 12:28 | Brilliance Aura |
| 12:28 | Blizzard |
| 12:34 | Staff of Teleportation |
| 12:34 | Boots of Speed |
| 12:42 | Guard Tower |
| 12:46 | Scout Tower |
| 12:52 | Staff of Sanctuary |
| 12:56 | Orb of Fire |
| 13:12 | Arcane Vault |
| 13:32 | Scout Tower |
| 13:33 | Scout Tower |
| 13:34 | Scout Tower |
| 13:34 | Scout Tower |
| 13:35 | Scout Tower |
| 13:48 | Scout Tower |
| 13:49 | Scout Tower |
| 13:50 | Scout Tower |
| 13:51 | Scout Tower |
| 13:51 | Scout Tower |
| 14:37 | Guard Tower |
| 14:40 | Scout Tower |
| 15:30 | Guard Tower |
| 15:34 | Staff of Sanctuary |
| 15:36 | Staff of Sanctuary |
| 15:55 | Advanced Masonry |
| 15:59 | Orb of Venom |
| 16:19 | Scout Tower |
| 16:23 | Guard Tower |
| 16:25 | Scout Tower |
| 16:26 | Scout Tower |
| 16:27 | Scout Tower |
| 16:28 | Scout Tower |
| 16:29 | Scout Tower |
| 16:30 | Scout Tower |
| 16:30 | Scout Tower |
| 17:01 | Guard Tower |
| 19:09 | Guard Tower |
| 19:11 | Scout Tower |
| 19:12 | Scout Tower |
| 19:12 | Scout Tower |
| 19:16 | Imbued Masonry |
| 19:18 | Sorceress Adept Training |
| 19:18 | Priest Adept Training |
| 19:54 | Staff of Teleportation |
| 21:25 | Storm Bolt |
| 21:39 | Brilliance Aura |
| 21:49 | Guard Tower |
| 22:10 | Divine Shield |
| 22:58 | Orb of Venom |
| 23:28 | Blacksmith |
| 23:30 | Farm |
| 23:30 | Farm |
| 25:34 | Workshop |
| 25:35 | Workshop |
| 25:37 | Workshop |
| 25:38 | Workshop |
| 25:43 | Holy Light |
| 27:25 | Brilliance Aura |
| 27:31 | Bash |
| 28:23 | Black Gunpowder |
| 28:27 | Mortar Team |
| 29:16 | Mortar Team |
| Right click | 2458 |
| Select | 649 |
| Select group | 494 |
| Build/train/purchase | 249 |
| Chat | 235 |
| Use ability | 97 |
| Assign group | 29 |
| Minimap ping | 16 |
| Misc. action | 14 |
| Item give/drop | 7 |
| Resource trade | 5 |



x1)
| Scroll of Regeneration | 1 | 100 |
| Staff of Sanctuary | 3 | 750 |
| Staff of Teleportation | 3 | 450 |
| Boots of Speed | 3 | 750 |
| Tome of Retraining | 1 | 300 |
| Periapt of Vitality | 2 | 650 |
| Orb of Venom | 3 | 975 |
| total: | 16 | 3975g |
| Peasant | 22 | 1650 | / | 0 |
| Priest | 1 | 135 | / | 10 |
| total: | 23 | 1785g | / | 10w |
| Scout Tower | 68 | 2040 | / | 1360 |
| Arcane Tower | 4 | 280 | / | 200 |
| Guard Tower | 28 | 1960 | / | 1400 |
| Altar of Kings | 2 | 360 | / | 100 |
| Farm | 4 | 320 | / | 80 |
| Lumber Mill | 1 | 120 | / | 0 |
| Town Hall | 2 | 770 | / | 410 |
| Arcane Vault | 3 | 390 | / | 90 |
| Arcane Sanctum | 1 | 150 | / | 140 |
| Keep | 1 | 320 | / | 210 |
| Castle | 1 | 360 | / | 210 |
| total: | 81 | 4150g | / | 2180w |
| 0:04 | Peasant |
| 0:04 | Peasant |
| 0:13 | Peasant |
| 0:22 | Altar of Kings |
| 0:33 | Altar of Kings |
| 0:35 | Farm |
| 0:40 | Peasant |
| 0:40 | Peasant |
| 0:57 | Lumber Mill |
| 1:05 | Peasant |
| 1:10 | Scout Tower |
| 1:17 | Farm |
| 1:18 | Peasant |
| 1:19 | Peasant |
| 1:31 | Peasant |
| 1:38 | Arcane Tower |
| 1:49 | Scout Tower |
| 1:53 | Peasant |
| 1:53 | Peasant |
| 2:01 | Peasant |
| 2:01 | Peasant |
| 2:16 | Guard Tower |
| 2:17 | Scout Tower |
| 2:25 | Peasant |
| 2:25 | Peasant |
| 2:31 | Summon Water Elemental |
| 2:42 | Peasant |
| 2:53 | Guard Tower |
| 2:55 | Scout Tower |
| 3:01 | Peasant |
| 3:29 | Guard Tower |
| 3:33 | Scout Tower |
| 3:57 | Brilliance Aura |
| 4:15 | Town Hall |
| 4:20 | Guard Tower |
| 4:23 | Scout Tower |
| 4:39 | Peasant |
| 4:53 | Staff of Teleportation |
| 4:53 | Boots of Speed |
| 5:15 | Guard Tower |
| 5:16 | Scout Tower |
| 5:17 | Scout Tower |
| 5:18 | Keep |
| 5:23 | Peasant |
| 5:23 | Peasant |
| 5:28 | Scout Tower |
| 5:29 | Scout Tower |
| 5:31 | Improved Masonry |
| 5:50 | Guard Tower |
| 5:54 | Arcane Vault |
| 5:58 | Arcane Vault |
| 5:59 | Arcane Vault |
| 6:03 | Scout Tower |
| 6:04 | Scout Tower |
| 6:05 | Scout Tower |
| 6:12 | Guard Tower |
| 6:13 | Scout Tower |
| 6:14 | Scout Tower |
| 6:41 | Guard Tower |
| 6:42 | Guard Tower |
| 6:44 | Arcane Tower |
| 7:09 | Guard Tower |
| 7:24 | Summon Water Elemental |
| 7:29 | Scout Tower |
| 7:29 | Scout Tower |
| 7:41 | Scroll of Regeneration |
| 8:21 | Castle |
| 8:24 | Arcane Sanctum |
| 8:29 | Peasant |
| 8:29 | Peasant |
| 8:54 | Guard Tower |
| 8:57 | Scout Tower |
| 8:57 | Scout Tower |
| 9:03 | Storm Bolt |
| 9:19 | Scout Tower |
| 9:19 | Scout Tower |
| 9:20 | Scout Tower |
| 9:21 | Scout Tower |
| 9:54 | Guard Tower |
| 9:55 | Scout Tower |
| 9:56 | Scout Tower |
| 10:31 | Staff of Teleportation |
| 10:31 | Boots of Speed |
| 10:35 | Magic Sentry |
| 10:36 | Scout Tower |
| 10:37 | Scout Tower |
| 10:38 | Scout Tower |
| 10:39 | Scout Tower |
| 10:39 | Scout Tower |
| 10:40 | Scout Tower |
| 10:43 | Guard Tower |
| 10:49 | Advanced Masonry |
| 11:13 | Guard Tower |
| 11:14 | Scout Tower |
| 11:15 | Scout Tower |
| 11:20 | Scout Tower |
| 11:21 | Scout Tower |
| 11:22 | Scout Tower |
| 11:25 | Scout Tower |
| 11:25 | Scout Tower |
| 11:31 | Guard Tower |
| 11:43 | Brilliance Aura |
| 11:54 | Farm |
| 12:07 | Bash |
| 12:27 | Guard Tower |
| 12:32 | Arcane Tower |
| 12:35 | Arcane Tower |
| 13:04 | Tome of Retraining |
| 13:04 | Retrain Hero |
| 13:20 | Brilliance Aura |
| 13:20 | Brilliance Aura |
| 13:21 | Blizzard |
| 13:39 | Farm |
| 13:55 | Guard Tower |
| 13:58 | Scout Tower |
| 13:59 | Scout Tower |
| 14:00 | Scout Tower |
| 14:01 | Scout Tower |
| 14:37 | Guard Tower |
| 14:41 | Scout Tower |
| 14:41 | Scout Tower |
| 14:42 | Scout Tower |
| 14:42 | Scout Tower |
| 14:43 | Scout Tower |
| 14:44 | Scout Tower |
| 14:46 | Imbued Masonry |
| 14:51 | Holy Light |
| 15:12 | Staff of Sanctuary |
| 15:13 | Staff of Sanctuary |
| 15:13 | Staff of Sanctuary |
| 15:39 | Guard Tower |
| 16:00 | Scout Tower |
| 16:01 | Scout Tower |
| 16:06 | Scout Tower |
| 16:07 | Scout Tower |
| 16:07 | Scout Tower |
| 16:08 | Scout Tower |
| 16:11 | Priest |
| 16:12 | Priest Adept Training |
| 16:36 | Orb of Venom |
| 16:48 | Staff of Teleportation |
| 16:48 | Boots of Speed |
| 16:54 | Guard Tower |
| 16:58 | Scout Tower |
| 16:59 | Scout Tower |
| 17:01 | Scout Tower |
| 17:04 | Guard Tower |
| 17:24 | Guard Tower |
| 17:26 | Scout Tower |
| 17:27 | Scout Tower |
| 17:27 | Scout Tower |
| 17:28 | Scout Tower |
| 17:30 | Periapt of Vitality |
| 18:52 | Guard Tower |
| 18:55 | Scout Tower |
| 18:55 | Scout Tower |
| 18:57 | Guard Tower |
| 18:59 | Scout Tower |
| 18:59 | Scout Tower |
| 19:00 | Scout Tower |
| 19:00 | Scout Tower |
| 19:01 | Scout Tower |
| 19:11 | Orb of Venom |
| 19:15 | Guard Tower |
| 21:41 | Storm Bolt |
| 22:16 | Guard Tower |
| 22:24 | Guard Tower |
| 22:45 | Periapt of Vitality |
| 23:37 | Orb of Venom |
| 24:10 | Divine Shield |
| 24:42 | Brilliance Aura |
| 26:23 | Holy Light |
| 27:18 | Bash |
| 27:31 | Bash |
| 27:54 | Town Hall |
| Right click | 1847 |
| Select group | 1280 |
| Select | 296 |
| Build/train/purchase | 212 |
| Use ability | 124 |
| Misc. action | 79 |
| Chat | 15 |
| Item give/drop | 14 |
| Assign group | 10 |
| Minimap ping | 7 |
| Esc | 3 |


| Orb of Venom | 1 | 325 |
| Boots of Speed | 2 | 500 |
| Staff of Teleportation | 2 | 300 |
| Staff of Sanctuary | 2 | 500 |
| Orb of Fire | 1 | 325 |
| total: | 8 | 1950g |
| Wisp | 26 | 1560 | / | 0 |
| total: | 26 | 1560g | / | 0w |
| Altar of Elders | 2 | 360 | / | 100 |
| Moon Well | 16 | 2880 | / | 640 |
| Ancient of Wonders | 3 | 270 | / | 90 |
| Tree of Life | 1 | 340 | / | 185 |
| Hunter's Hall | 1 | 210 | / | 100 |
| Chimaera Roost | 4 | 560 | / | 760 |
| Tree of Ages | 1 | 320 | / | 180 |
| Tree of Eternity | 1 | 330 | / | 200 |
| total: | 27 | 4620g | / | 1875w |
| 0:04 | Wisp |
| 0:04 | Wisp |
| 0:05 | Altar of Elders |
| 0:22 | Moon Well |
| 0:24 | Wisp |
| 0:34 | Wisp |
| 0:47 | Moon Well |
| 0:59 | Wisp |
| 1:04 | Wisp |
| 1:18 | Wisp |
| 1:29 | Wisp |
| 1:34 | Wisp |
| 1:44 | Wisp |
| 2:00 | Wisp |
| 2:14 | Shadow Strike |
| 2:22 | Wisp |
| 2:43 | Wisp |
| 2:43 | Wisp |
| 3:02 | Wisp |
| 3:21 | Wisp |
| 3:43 | Wisp |
| 3:43 | Wisp |
| 4:00 | Ancient of Wonders |
| 4:14 | Wisp |
| 4:27 | Blink |
| 4:37 | Wisp |
| 4:37 | Wisp |
| 5:07 | Tree of Ages |
| 5:23 | Boots of Speed |
| 6:14 | Tree of Life |
| 7:07 | Moon Well |
| 7:09 | Moon Well |
| 8:20 | Nature's Blessing |
| 8:58 | Wisp |
| 8:58 | Wisp |
| 9:03 | Shadow Strike |
| 9:07 | Moon Well |
| 9:10 | Hunter's Hall |
| 9:16 | Entangling Roots |
| 10:19 | Tree of Eternity |
| 10:21 | Ultravision |
| 10:51 | Boots of Speed |
| 11:14 | Wisp |
| 11:14 | Wisp |
| 11:14 | Wisp |
| 11:29 | Moon Well |
| 11:31 | Moon Well |
| 12:43 | Well Spring |
| 13:10 | Staff of Teleportation |
| 13:18 | Moon Well |
| 13:25 | Thorns Aura |
| 13:45 | Moon Well |
| 14:04 | Ancient of Wonders |
| 14:08 | Ancient of Wonders |
| 14:23 | Moon Well |
| 15:42 | Altar of Elders |
| 15:53 | Orb of Venom |
| 16:36 | Blink |
| 16:51 | Moon Well |
| 16:54 | Moon Well |
| 16:55 | Moon Well |
| 16:56 | Moon Well |
| 18:53 | Staff of Sanctuary |
| 18:59 | Staff of Sanctuary |
| 21:50 | Moon Well |
| 21:51 | Moon Well |
| 22:36 | Staff of Teleportation |
| 22:58 | Orb of Fire |
| 23:32 | Chimaera Roost |
| 23:34 | Strength of the Wild |
| 23:34 | Reinforced Hides |
| 23:49 | Entangling Roots |
| 25:04 | Chimaera Roost |
| 25:05 | Corrosive Breath |
| 25:41 | Shadow Strike |
| 25:45 | Improved Strength of the Wild |
| 25:46 | Improved Reinforced Hides |
| 26:31 | Thorns Aura |
| 27:13 | Advanced Strength of the Wild |
| 27:16 | Chimaera Roost |
| 27:18 | Chimaera Roost |
| 28:18 | Advanced Reinforced Hides |
| Right click | 2077 |
| Select | 529 |
| Select group | 375 |
| Resource trade | 161 |
| Misc. action | 157 |
| Use ability | 121 |
| Build/train/purchase | 63 |
| Chat | 44 |
| Item give/drop | 5 |
| Assign group | 3 |
| Minimap ping | 1 |